 Dungeon Crawl Stone Soup version 0.29.1-14-g9c671dbff4 (webtiles) character file.

Game seed: 16673939913021726991

86 sking99 the Magician (level 4, 0/34 HPs)
             Began as a Gnoll Wanderer on Feb 20, 2023.
             Slain by a gnoll
             ... wielding a +0 spear
              (5 damage)
             ... on level 2 of the Dungeon.
             The game lasted 00:02:02 (1806 turns).

sking99 the Magician (Gnoll Wanderer)               Turns: 1806, Time: 00:02:03

Health: 0/34       AC:  9    Str: 13    XL:     4   Next: 49%
Magic:  11/11      EV:  6    Int: 11    God:
Gold:   110        SH:  0    Dex: 12    Spells: 12/13 levels left

rFire   + . .      SeeInvis .   a - +0 quarterstaff
rCold   . . .      Faith    .   (shield currently unavailable)
rNeg    . . .      Spirit   .   l - +0 chain mail
rPois   +          Reflect  .   (no helmet)
rElec   .          Harm     .   (no cloak)
rCorr   .          Rampage  .   b - +0 pair of gloves
Will    .....                   (no boots)
Stlth   ..........              (no amulet)
HPRegen 0.11/turn               m - ring of poison resistance
MPRegen 0.12/turn               n - ring of protection from fire

@: no status effects
A: fangs 1, strong nose, distributed training
a: no special abilities


You were on level 2 of the Dungeon.
You visited 1 branch of the dungeon, and saw 2 of its levels.

You collected 110 gold pieces.

Inventory:

Hand Weapons
 a - a +0 quarterstaff (weapon)
Armour
 b - a +0 pair of gloves (worn)
 d - a +0 leather armour
 l - a +0 chain mail (worn)
Jewellery
 m - a ring of poison resistance (left hand)
 n - a ring of protection from fire (right hand)
Wands
 p - a wand of mindburst (15)
Scrolls
 e - 4 scrolls of identify {unknown}
 f - 2 scrolls of amnesia {unknown}
 h - 2 scrolls of teleportation {unknown}
 i - 2 scrolls of fear {unknown}
 j - 2 scrolls of butterflies {unknown}
 r - a scroll of vulnerability {unknown}
 s - a scroll of brand weapon {unknown}
 u - a scroll of immolation {unknown}
Potions
 c - a potion of attraction
 g - a potion of mutation {unknown}
 k - a potion of heal wounds {unknown}
 o - a potion of flight {unknown}
 q - a potion of might {unknown}
 t - a potion of cancellation {unknown}


   Skills:
 + Level 2.8 Fighting
 + Level 1.2 Short Blades
 + Level 1.2 Long Blades
 + Level 1.2 Axes
 + Level 1.2 Maces & Flails
 + Level 1.2 Polearms
 + Level 4.6 Staves
 + Level 1.2 Ranged Weapons
 + Level 1.2 Throwing
 + Level 1.2 Armour
 + Level 4.6 Dodging
 + Level 1.2 Stealth
 + Level 1.2 Shields
 + Level 1.2 Unarmed Combat
 + Level 5.1 Spellcasting
 + Level 1.0 Conjurations
 + Level 1.0 Hexes
 + Level 1.0 Summonings
 + Level 1.0 Necromancy
 + Level 1.0 Translocations
 + Level 1.0 Transmutations
 + Level 1.0 Fire Magic
 + Level 1.0 Ice Magic
 + Level 3.8 Air Magic
 + Level 1.0 Earth Magic
 + Level 1.0 Poison Magic
 + Level 2.9 Invocations
 + Level 1.2 Evocations


You had 12 spell levels left.
You knew the following spells:

 Your Spells              Type           Power      Damage    Failure   Level
a - Shock                 Conj/Air       32%        1d5       95%         1

Your spell library contained the following spells:

 Spells                   Type           Power      Damage    Failure   Level
 Static Discharge         Conj/Air       8%         3-4/arc   99%         2
 Conjure Flame            Conj/Fire      5%         6-21      100%        3
 Ignite Poison            Fire/Tmut/Pois 5%         N/A       100%        3
 Sticky Flame             Conj/Fire      5%         2d3       100%        4
 Summon Lightning Spire   Summ/Air       8%         N/A       100%        4


Dungeon Overview and Level Annotations

Branches:
Dungeon (2/15)

Altars:


Innate Abilities, Weirdness & Mutations

You have very sharp teeth.
Your uncanny sense of smell can sniff out nearby items.
Your experience applies equally to all skills.


Message History

The gnoll hits you but does no damage.
You closely miss the gnoll. You bite the gnoll, but do no damage.
The gnoll is severely wounded.
The gnoll hits you with a +0 whip.
You hit the gnoll.
You kill the gnoll!
Your Conjurations skill increases to level 1!
Your Hexes skill increases to level 1!
Your Summonings skill increases to level 1!
Your Necromancy skill increases to level 1!
Your Translocations skill increases to level 1!
Your Transmutations skill increases to level 1!
Your Fire Magic skill increases to level 1!
Your Ice Magic skill increases to level 1!
Your Earth Magic skill increases to level 1!
Your Poison Magic skill increases to level 1!
You closely miss the gnoll.
The gnoll hits you with a +1 flail of venom.
The gnoll barely misses you.
You barely miss the gnoll. The gnoll barely misses you.
The gnoll hits you but does no damage.
You sock the gnoll!
The gnoll is severely wounded.
The gnoll hits you but does no damage.
The gnoll hits you from afar with a +0 spear.
You closely miss the gnoll.
The gnoll is severely wounded.
The gnoll hits you with a +1 flail of venom.
The gnoll hits you from afar with a +0 spear!
You barely miss the gnoll. You bite the gnoll, but do no damage.
The gnoll is severely wounded.
The gnoll hits you with a +1 flail of venom.
The gnoll hits you from afar with a +0 spear.
* * * LOW HITPOINT WARNING * * *
You barely miss the gnoll.
The gnoll is severely wounded.
The gnoll hits you with a +1 flail of venom.
* * * LOW HITPOINT WARNING * * *
The gnoll hits you from afar with a +0 spear.
You die...

.P.....#.PP....###########
###....#....###..........#
#..#########.###########.#
#.##### #>##.# #.# #.....#
#....# #.# #####.# #.####
#########.# #.# #.#
#.......†.# ##.###.#
#.######### ####...##.####
#@# #....#.......# #g#
#.##...##.##.# #g#
#.###.###.##.# #.# #.#
#.#...##.# #.# #.#
#.#.####.###.# #.# #.#.#
#..##.# #.###.#(# ##.##.#
.....##.# #.##


You could see 2 gnolls.

Vanquished Creatures
  2 gnolls (D:2)
  2 adders (D:2)
  3 worms (D:2)
  6 ball pythons
  2 endoplasms
  2 giant cockroaches
  3 hobgoblins (D:1)
  5 jackals
  3 quokkas
  7 bats
  2 frilled lizards
  2 kobolds (D:2)
39 creatures vanquished.

Vanquished Creatures (others)
  7 demonic plants (D:2)
  2 fungi (D:2)
  4 plants (D:2)
13 creatures vanquished.

Grand Total: 52 creatures vanquished

Notes
Turn   | Place    | Note
-------+----------+-------------------------------------------
     0 | D:1      | sking99 the Gnoll Wanderer began the quest for the Orb.
     0 | D:1      | sking99 set off with the following items: a +0
                  | quarterstaff, a +0 pair of gloves, a potion of attraction,
                  | a +0 leather armour; and the following spell memorised:
                  | Shock; and the following spells available to memorise:
                  | Static Discharge, Summon Lightning Spire.
     0 | D:1      | Reached XP level 1. HP: 17/17 MP: 6/6
   137 | D:1      | Reached XP level 2. HP: 14/23 MP: 7/7
   926 | D:2      | Reached skill level 5 in Spellcasting
   926 | D:2      | Reached XP level 3. HP: 26/28 MP: 7/9
  1083 | D:2      | Found a faded altar of an unknown god.
  1176 | D:2      | Reached skill level 1 in Short Blades
  1176 | D:2      | Reached skill level 1 in Long Blades
  1176 | D:2      | Reached skill level 1 in Axes
  1176 | D:2      | Reached skill level 1 in Maces & Flails
  1176 | D:2      | Reached skill level 1 in Polearms
  1176 | D:2      | Reached skill level 1 in Ranged Weapons
  1176 | D:2      | Reached skill level 1 in Throwing
  1176 | D:2      | Reached skill level 1 in Armour
  1176 | D:2      | Reached skill level 1 in Stealth
  1176 | D:2      | Reached skill level 1 in Shields
  1176 | D:2      | Reached skill level 1 in Unarmed Combat
  1176 | D:2      | Reached skill level 1 in Evocations
  1764 | D:2      | Reached XP level 4. HP: 34/34 MP: 11/11
  1801 | D:2      | Reached skill level 1 in Conjurations
  1801 | D:2      | Reached skill level 1 in Hexes
  1801 | D:2      | Reached skill level 1 in Summonings
  1801 | D:2      | Reached skill level 1 in Necromancy
  1801 | D:2      | Reached skill level 1 in Translocations
  1801 | D:2      | Reached skill level 1 in Transmutations
  1801 | D:2      | Reached skill level 1 in Fire Magic
  1801 | D:2      | Reached skill level 1 in Ice Magic
  1801 | D:2      | Reached skill level 1 in Earth Magic
  1801 | D:2      | Reached skill level 1 in Poison Magic
  1806 | D:2      | Slain by a gnoll

Illustrated notes

Levels and vault maps discovered:
D:1:      dpeg_arrival_tiny_c, layout_loops_ring
D:2:      layout_loops_ring, shapermc_ecumenical_altar_gd, minivault_25,
          grunt_ministairs_15

Skill      XL: |  1  2  3  4 |
---------------+-------------+-----
Spellcasting   | 5 |  5.1
Short Blades   | 1 |  1.2
Long Blades    | 1 |  1.2
Axes           | 1 |  1.2
Maces & Flails | 1 |  1.2
Polearms       | 1 |  1.2
Ranged Weapons | 1 |  1.2
Throwing       | 1 |  1.2
Armour         | 1 |  1.2
Stealth        | 1 |  1.2
Shields        | 1 |  1.2
Unarmed Combat | 1 |  1.2
Evocations     | 1 |  1.2
Conjurations   | 1 |  1.0
Hexes          | 1 |  1.0
Summonings     | 1 |  1.0
Necromancy     | 1 |  1.0
Translocations | 1 |  1.0
Transmutations | 1 |  1.0
Fire Magic     | 1 |  1.0
Ice Magic      | 1 |  1.0
Earth Magic    | 1 |  1.0
Poison Magic   | 1 |  1.0
Fighting       | |  2.8
Staves         | |  4.6
Dodging        | |  4.6
Air Magic      | |  3.8
Invocations    | |  2.9

Action                   |  1- 3 |  4- 6 || total
-------------------------+-------+-------++-------
Melee: Quarterstaff      |    92 |    15 ||   107
       Bite              |     4 |     3 ||     7
 Stab: Sleeping          |     1 |       ||     1
Armor: Leather armour    |    14 |       ||    14
       Chain mail        |    54 |     6 ||    60
Dodge: Dodged            |    41 |     3 ||    44
